cohdb
Replays
Latest Replays
All Replays
Popular Replays
Top Player Replays
Match Explorer
How It Works
Community
CoH3 Stats
Reddit
Sign in to upload your games and track your stats! →
Sign in with Steam
Kush and Zulu Sniped Fail
Match 12722913
Overview
Messages
Build Orders
End
Construct Section Command Post
Vickers Machine Gun Team
Infantry Section
ML 3-inch Mortar Team
Infantry Section
Construct Platoon Command Post
Unlock M3 Stuart Light Tanks
Selects Indian Artillery Battlegroup
Selects Valour
Selects Gurkha Rifles Section
Gurkha Rifles Section
M3 Stuart Light Tank
6-pounder Anti-tank Gun Team
Selects Towed ML 4.2-inch Heavy Mortar
Towed ML 4.2-inch Heavy Mortar
Gurkha Rifles Section
6-pounder Anti-tank Gun Team
Selects Volunteer Infantry
Construct Company Command Post
Selects Off-map Airburst Barrage
Crusader II Medium Tank
Crusader II Medium Tank
Off-map Airburst Barrage
AI Takeover
Dawg
Eagle
B L U E SKI D R OW
BRITROYAL
0
0
Comments
sign in to comment!
No comments posted yet!